[Event "Titled Tuesday Blitz February 21 Early 2023"]
[White "Boruchovsky, Avital"]
[Black "Kovalenko, Igor"]
[WhiteFideId "2800055"]
[BlackFideId "14117908"]
[WhiteElo "2539"]
[BlackElo "2674"]
[Result "0-1"]
[Round "07"]
[TimeControl "180+2"]
[Date "2023.02.21"]
[WhiteClock "0:00:05"]
[BlackClock "0:01:19"]

1. d4 d5 2. c4 e6 3. Nc3 Nf6 4. Bg5 c6 5. e3 Nbd7 6. Qc2 Be7 7. Nf3 h6 8. Bh4 O-O 9. Bd3 a6 10. a4 a5 11. O-O Re8 12. c5 b6 13. cxb6 Qxb6 14. e4 Ba6 15. e5 Bxd3 16. Qxd3 Nh7 17. Bxe7 Rxe7 18. Rab1 Nhf8 19. h4 Rb8 20. b3 Ree8 21. Rfc1 Rec8 22. h5 Nh7 23. Qe3 Rc7 24. Ne2 Rbc8 25. Rc3 Qb4 26. Rbc1 c5 27. dxc5 Rxc5 28. Nfd4 Nhf8 29. f4 g6 30. Kh2 gxh5 31. f5 Rxc3 32. Rxc3 Rxc3 33. Nxc3 Nxe5 34. Qxe5 Qxc3 35. fxe6 Nxe6 36. Qb8+ Kh7 37. Nb5 Qe1 38. Nd6 Qe5+ 39. Kh1 Ng5 40. Qb6 d4 41. Qc6 d3 42. Nc4 Qe1+ 43. Kh2 d2 0-1


[Site "https://www.chess.com"]

[Event "Titled Tuesday Blitz February 21 Early 2023"]
[White "Talibov, Shiroghlan"]
[Black "Anton Guijarro, David"]
[WhiteFideId "13429078"]
[BlackFideId "2285525"]
[WhiteElo "2359"]
[BlackElo "2690"]
[Result "1-0"]
[Round "07"]
[TimeControl "180+2"]
[Date "2023.02.21"]
[WhiteClock "0:00:39"]
[BlackClock "0:00:04"]

1. e4 c6 2. Nc3 d5 3. d4 dxe4 4. Nxe4 Nf6 5. Nxf6+ exf6 6. c3 Bd6 7. Bd3 O-O 8. Qh5 g6 9. Qf3 f5 10. Ne2 Nd7 11. Bf4 Nf6 12. O-O a5 13. a4 Be6 14. Bxd6 Qxd6 15. Qf4 Qd7 16. Rfe1 Rfe8 17. Ng3 Nd5 18. Qh6 f6 19. Ne2 Qc7 20. h4 Bf7 21. h5 Re7 22. hxg6 hxg6 23. c4 Nb4 24. Nf4 Nxd3 25. Nxd3 Rae8 26. b3 Re4 27. Rxe4 Rxe4 28. Re1 Rxd4 29. Nc5 b6 30. Ne6 Bxe6 31. Qxg6+ Qg7 32. Qe8+ Kh7 33. Qxe6 Qg6 34. Qxc6 f4 35. Qc7+ Kh6 36. Qc8 Rd3 37. Qh8+ Kg5 38. Re7 Rd1+ 39. Kh2 Qh5+ 40. Qxh5+ Kxh5 41. Re6 Kg5 42. Rxb6 Rd2 43. f3 Rb2 44. Rb5+ f5 45. c5 Rb1 46. c6 Rc1 47. Rxa5 Rxc6 48. Rb5 Rc1 49. a5 Ra1 50. b4 Kf6 51. Rb6+ Ke5 52. a6 Kd5 53. b5 Kc5 54. Rb7 Ra2 55. a7 Kd4 56. b6 Ke3 57. Rb8 1-0


[Site "https://www.chess.com"]

[Event "Titled Tuesday Blitz February 21 Early 2023"]
[White "Timofeev, Artyom"]
[Black "Jakubowski, Krzysztof"]
[WhiteFideId "4140419"]
[BlackFideId "1112848"]
[WhiteElo "2567"]
[BlackElo "2486"]
[Result "1-0"]
[Round "07"]
[TimeControl "180+2"]
[Date "2023.02.21"]
[WhiteClock "0:00:14"]
[BlackClock "0:00:01"]

1. e4 c5 2. Nf3 d6 3. d4 cxd4 4. Nxd4 Nf6 5. Nc3 a6 6. Be3 e5 7. Nf3 Qc7 8. Bg5 Nbd7 9. Bd3 Be7 10. O-O h6 11. Bxf6 Nxf6 12. Qe2 Be6 13. Nd2 O-O 14. Bc4 b5 15. Bxe6 fxe6 16. a3 Nd7 17. Rad1 Nb6 18. g3 Rf6 19. Kg2 Raf8 20. h4 Qc5 21. f3 g5 22. hxg5 hxg5 23. g4 Bd8 24. Rh1 Nc4 25. Nxc4 bxc4 26. Rh3 Kf7 27. Rdh1 Ke8 28. Rd1 R6f7 29. Qd2 Kd7 30. Na4 Qc6 31. b3 Be7 32. Qc3 Rc8 33. Qxc4 Qxc4 34. Nb6+ Kc6 35. Nxc4 Rcf8 36. Rd3 Kc5 37. Rh6 Rf6 38. Rh7 R6f7 39. Rh1 Rd8 40. Rhd1 Rff8 41. Rc3 Kb5 42. Nb2 Kb6 43. Rcd3 Rh8 44. c4 Rh4 45. Rh1 a5 46. Na4+ Kc6 47. b4 axb4 48. axb4 Ra8 49. b5+ Kc7 50. Nc3 Rxh1 51. Kxh1 Ra1+ 52. Kg2 Rc1 53. Kf2 Rc2+ 54. Ke1 Bd8 55. Kd1 Rf2 56. Ne2 Kd7 57. c5 Bc7 58. b6 Bb8 59. cxd6 Rf1+ 60. Kc2 Re1 61. Nc3 Ra1 62. Kb3 Ra6 63. Na4 Ra5 64. Kb4 Ra8 65. Kb5 Bxd6 66. b7 1-0


[Site "https://www.chess.com"]

[Event "Titled Tuesday Blitz February 21 Early 2023"]
[White "Skliarov, Viktor"]
[Black "Nihal Sarin"]
[WhiteFideId "14106736"]
[BlackFideId "25092340"]
[WhiteElo "2383"]
[BlackElo "2673"]
[Result "0-1"]
[Round "07"]
[TimeControl "180+2"]
[Date "2023.02.21"]
[WhiteClock "0:00:03"]
[BlackClock "0:00:54"]

1. e4 c6 2. d4 d5 3. e5 Bf5 4. Nf3 e6 5. Be2 Bb4+ 6. c3 Ba5 7. O-O Nd7 8. Nbd2 f6 9. Nh4 Bg6 10. Bh5 fxe5 11. Nxg6 hxg6 12. Bxg6+ Kf8 13. Nf3 Qf6 14. Bc2 Bc7 15. dxe5 Nxe5 16. Nxe5 Qxe5 17. g3 Qf6 18. Re1 Nh6 19. Bxh6 Rxh6 20. Qg4 Ke7 21. Re2 Rah8 22. Rae1 e5 23. h4 Kd8 24. f4 e4 25. Bxe4 dxe4 26. Rd1+ Bd6 27. Rxe4 Kc7 28. Kg2 Rg6 29. Qe2 Qxh4 30. Re7+ Qxe7 0-1


[Site "https://www.chess.com"]

[Event "Titled Tuesday Blitz February 21 Early 2023"]
[White "Iskusnyh, Sergei"]
[Black "Fedoseev, Vladimir"]
[WhiteFideId "4120027"]
[BlackFideId "24130737"]
[WhiteElo "2440"]
[BlackElo "2680"]
[Result "1-0"]
[Round "07"]
[TimeControl "180+2"]
[Date "2023.02.21"]
[WhiteClock "0:00:11"]
[BlackClock "0:00:04"]

1. d4 Nf6 2. c4 e6 3. g3 d5 4. Bg2 Be7 5. Nf3 O-O 6. O-O dxc4 7. Qa4 b6 8. Qxc4 Bb7 9. Rd1 Nbd7 10. Bg5 a6 11. Qc2 Qc8 12. Nc3 h6 13. Bxf6 Nxf6 14. Rac1 Rd8 15. e3 Bd6 16. Qe2 b5 17. Nd2 Bxg2 18. Kxg2 c5 19. Nce4 Nxe4 20. Nxe4 c4 21. b3 Ba3 22. Rc2 f5 23. Nd2 Qb7+ 24. Qf3 Qxf3+ 25. Kxf3 cxb3 26. Nxb3 e5 27. Ke2 exd4 28. Rxd4 Rdc8 29. Rcd2 a5 30. Rd7 a4 31. Nd4 b4 32. Nxf5 b3 33. axb3 axb3 34. Rxg7+ Kh8 35. Rdd7 Bf8 36. Rh7+ Kg8 37. Nxh6+ Bxh6 38. Rxh6 1-0


[Site "https://www.chess.com"]

[Event "Titled Tuesday Blitz February 21 Early 2023"]
[White "Sadubayev, Airat"]
[Black "Kramnik, Vladimir"]
[WhiteFideId "13713264"]
[BlackFideId "4101588"]
[WhiteElo "2320"]
[BlackElo "2753"]
[Result "0-1"]
[Round "07"]
[TimeControl "180+2"]
[Date "2023.02.21"]
[WhiteClock "0:00:02"]
[BlackClock "0:00:20"]

1. d4 Nf6 2. c4 e6 3. Nf3 Bb4+ 4. Bd2 Bxd2+ 5. Qxd2 O-O 6. Nc3 d5 7. g3 dxc4 8. Ne5 Nc6 9. Nxc6 bxc6 10. Bg2 Rb8 11. Rc1 c5 12. dxc5 Qxd2+ 13. Kxd2 Rxb2+ 14. Rc2 Rb4 15. Rb1 Rd8+ 16. Kc1 a5 17. Rcb2 Rxb2 18. Rxb2 Kf8 19. h3 Ke7 20. Rb5 Nd5 21. Kc2 Nb4+ 22. Kc1 Nd5 23. Kc2 Nxc3 24. Kxc3 Rd1 25. Rxa5 Rc1+ 26. Kd2 Rg1 27. Bf3 e5 28. Ra7 Bxh3 29. Rxc7+ Kf6 30. c6 Bf5 31. Bd5 c3+ 32. Kxc3 Rc1+ 33. Kb4 Be6 34. e4 g5 35. a4 h5 36. a5 h4 37. gxh4 gxh4 38. a6 h3 39. Bxe6 h2 40. Rxf7+ Kxe6 41. Rh7 h1=Q 42. Rxh1 Rxh1 43. Kc5 Ra1 44. Kb6 Kd6 45. a7 Rb1+ 46. Ka6 Kc7 47. Ka5 Ra1+ 48. Kb5 Rxa7 0-1


[Site "https://www.chess.com"]

[Event "Titled Tuesday Blitz February 21 Early 2023"]
[White "Rosen, Eric"]
[Black "Zhigalko, Sergei"]
[WhiteFideId "2032562"]
[BlackFideId "13502956"]
[WhiteElo "2349"]
[BlackElo "2572"]
[Result "1-0"]
[Round "07"]
[TimeControl "180+2"]
[Date "2023.02.21"]
[WhiteClock "0:00:40"]
[BlackClock "0:00:01"]

1. d4 Nf6 2. Bf4 e6 3. e3 b6 4. Qf3 Nc6 5. Nc3 Bb7 6. O-O-O Rb8 7. e4 Bb4 8. Nge2 O-O 9. h4 d5 10. e5 Nd7 11. h5 Be7 12. Qg3 Kh8 13. Ng1 f6 14. exf6 Bxf6 15. Bxc7 Qe7 16. Bxb8 Rxb8 17. Nf3 Rc8 18. a3 Na5 19. Bd3 Rxc3 20. bxc3 Qxa3+ 21. Kd2 e5 22. Nxe5 Nxe5 23. dxe5 Be7 24. Qf4 Qb2 25. Rb1 1-0


[Site "https://www.chess.com"]

[Event "Titled Tuesday Blitz February 21 Early 2023"]
[White "Kravtsiv, Martyn"]
[Black "Fiorito, Joaquin"]
[WhiteFideId "14113147"]
[BlackFideId "180173"]
[WhiteElo "2598"]
[BlackElo "2405"]
[Result "0-1"]
[Round "07"]
[TimeControl "180+2"]
[Date "2023.02.21"]
[WhiteClock "0:02:01"]
[BlackClock "0:01:26"]

1. Nf3 d5 2. g3 Nf6 3. Bg2 Bf5 4. O-O e6 5. c4 c6 6. d3 dxc4 7. dxc4 Qxd1 8. Rxd1 Bc2 9. Rd2 Bg6 10. Ne5 Nbd7 11. Nxg6 hxg6 12. b3 O-O-O 13. Bb2 Bc5 14. Nc3 Ne5 15. Rxd8+ Rxd8 16. Na4 Bd4 17. Rd1 Bxf2+ 18. Kxf2 Rxd1 19. Bxe5 Ng4+ 20. Kf3 Nxe5+ 21. Ke4 Nd7 22. Nc3 Nc5+ 23. Ke3 Rd8 24. h4 a5 25. Bh3 Kc7 26. Bg4 Nd7 27. Bf3 Ne5 28. Bg2 Ng4+ 29. Kf4 Rd4+ 30. e4 Rd2 31. Bf3 Nf6 32. Ke3 Rd8 33. Be2 Nd7 34. a3 Ne5 35. Kf4 Nd3+ 36. Ke3 Nc1 37. b4 axb4 38. axb4 Nxe2 0-1


[Site "https://www.chess.com"]

[Event "Titled Tuesday Blitz February 21 Early 2023"]
[White "Melikyan, Gnel"]
[Black "Predke, Alexandr"]
[WhiteFideId "54109990"]
[BlackFideId "24107581"]
[WhiteElo "2238"]
[BlackElo "2685"]
[Result "1-0"]
[Round "07"]
[TimeControl "180+2"]
[Date "2023.02.21"]
[WhiteClock "0:00:12"]
[BlackClock "0:00:02"]

1. e4 c5 2. Nf3 e6 3. d4 cxd4 4. Nxd4 a6 5. Nc3 b5 6. Bd3 Bb7 7. O-O Nc6 8. Nxc6 Bxc6 9. Be3 Ne7 10. f4 d5 11. exd5 Nxd5 12. Nxd5 Qxd5 13. Qe2 Bc5 14. Bxc5 Qxc5+ 15. Kh1 O-O 16. f5 exf5 17. Rxf5 Qd6 18. Raf1 Rae8 19. Qf2 Qe7 20. Qc5 Qxc5 21. Rxc5 Re6 22. Kg1 Rd8 23. a4 h6 24. h3 Rb8 25. axb5 Bxb5 26. Bxb5 axb5 27. Rc7 f6 28. Rd1 f5 29. Rdd7 Rg6 30. Rf7 Rd8 31. Rxf5 Rd1+ 32. Rf1 Rd2 33. Rf2 Rd1+ 34. Kh2 Rd5 35. Rc8+ Kh7 36. Rcf8 b4 37. R8f5 Rd4 38. R5f4 Rgd6 39. Rxd4 Rxd4 40. Re2 Rc4 41. Kg3 g5 42. Kf3 h5 43. Ke3 Kg6 44. Kd3 Rf4 45. c4 bxc3 46. bxc3 Rf8 47. c4 Rd8+ 48. Kc3 Rc8 49. Re5 Kf6 50. Rd5 Re8 51. c5 Re1 52. Kc4 Rc1+ 53. Kb5 Rb1+ 54. Ka6 Ra1+ 55. Kb7 Rb1+ 56. Kc8 Rb2 57. g4 hxg4 58. hxg4 Rb4 59. c6 Rxg4 60. Rc5 Rh4 61. c7 g4 62. Kb7 Rh7 63. Kb6 Rh8 64. Rd5 Rc8 65. Kb7 Rxc7+ 66. Kxc7 g3 67. Rd3 g2 68. Rg3 1-0


[Site "https://www.chess.com"]

[Event "Titled Tuesday Blitz February 21 Early 2023"]
[White "Kamsky, Gata"]
[Black "Souleidis, Georgios"]
[WhiteFideId "2000024"]
[BlackFideId "4206827"]
[WhiteElo "2665"]
[BlackElo "2419"]
[Result "1-0"]
[Round "07"]
[TimeControl "180+2"]
[Date "2023.02.21"]
[WhiteClock "0:00:58"]
[BlackClock "0:00:03"]

1. d4 Nf6 2. Bf4 g6 3. c3 Bg7 4. Nf3 O-O 5. h3 d6 6. e3 Nfd7 7. g4 e5 8. Bg3 Nc6 9. Nbd2 Re8 10. Be2 Nb6 11. a3 a6 12. Qc2 Qe7 13. Bh4 Qe6 14. Qb3 d5 15. Bg3 exd4 16. cxd4 Nxd4 17. Nxd4 Bxd4 18. Bxc7 Nd7 19. O-O Be5 20. Rac1 Nf6 21. Bxe5 Qxe5 22. Nf3 Qe7 23. Qb4 Qd8 24. Rfd1 Be6 25. Qxb7 Rb8 26. Qc7 Rxb2 27. Qxd8 Rxd8 28. Nd4 a5 29. Bf3 Ra2 30. Rc3 Rb8 31. g5 Nd7 32. Nxe6 fxe6 33. e4 Ne5 34. exd5 Nxf3+ 35. Rxf3 exd5 36. Rxd5 a4 37. Ra5 Rb3 38. Ra8+ Kg7 39. Ra7+ Kg8 40. Rff7 Rb1+ 41. Kg2 Raa1 42. Rg7+ Kf8 43. Rxh7 Rg1+ 44. Kf3 Rxa3+ 45. Kf4 Kg8 46. Rhb7 1-0


[Site "https://www.chess.com"]

[Event "Titled Tuesday Blitz February 21 Early 2023"]
[White "Boros, Denes"]
[Black "Goroshkov, Maksym"]
[WhiteFideId "722340"]
[BlackFideId "14142716"]
[WhiteElo "2406"]
[BlackElo "2287"]
[Result "1-0"]
[Round "07"]
[TimeControl "180+2"]
[Date "2023.02.21"]
[WhiteClock "0:02:45"]
[BlackClock "0:02:44"]

1. d4 Nf6 2. Nc3 d5 3. Nf3 c6 4. Bg5 e6 5. e4 dxe4 6. Nxe4 Be7 7. Bxf6 Bxf6 8. Qd3 O-O 9. h4 Nd7 10. Neg5 g6 11. O-O-O Qa5 12. Kb1 e5 13. h5 exd4 14. Nxh7 Kxh7 15. hxg6+ Kg8 16. g7 1-0


[Site "https://www.chess.com"]

[Event "Titled Tuesday Blitz February 21 Early 2023"]
[White "Rustemov, Alexander"]
[Black "Al-Tarboush, Ward"]
[WhiteFideId "4119002"]
[BlackFideId "7601450"]
[WhiteElo "2525"]
[BlackElo "2256"]
[Result "1-0"]
[Round "07"]
[TimeControl "180+2"]
[Date "2023.02.21"]
[WhiteClock "0:00:35"]
[BlackClock "0:00:03"]

1. d4 d5 2. c4 c6 3. Nc3 Nf6 4. e3 e6 5. Nf3 Nbd7 6. Qc2 Bd6 7. Bd2 O-O 8. O-O-O dxc4 9. Bxc4 b5 10. Bd3 b4 11. Ne4 Nxe4 12. Bxe4 Nf6 13. Bd3 a5 14. e4 Be7 15. Kb1 a4 16. Ne5 Bb7 17. Be3 Qa5 18. Nxc6 Bxc6 19. Qxc6 Rab8 20. f3 a3 21. Qa6 Qh5 22. b3 Qg6 23. g4 e5 24. dxe5 Ra8 25. Qc4 Rfc8 26. Qd4 Bc5 27. Qa1 Bxe3 28. exf6 Rc3 29. fxg7 Rac8 30. Bc4 Qxg7 31. Rd7 Qe5 32. Rxf7 Kh8 33. Rf5 Qd4 34. Rd5 Qf6 35. Rd3 Qe5 36. Rxc3 bxc3 37. Kc2 Qd4 38. Rd1 Qe5 39. Qxc3 1-0


[Site "https://www.chess.com"]

[Event "Titled Tuesday Blitz February 21 Early 2023"]
[White "Ambartsumova, Karina"]
[Black "Samsonkin, Artiom"]
[WhiteFideId "4166299"]
[BlackFideId "13503111"]
[WhiteElo "2393"]
[BlackElo "2420"]
[Result "1-0"]
[Round "07"]
[TimeControl "180+2"]
[Date "2023.02.21"]
[WhiteClock "0:00:40"]
[BlackClock "0:00:06"]

1. Nf3 d5 2. c4 e6 3. e3 Nf6 4. Nc3 g6 5. b3 Bg7 6. Bb2 O-O 7. Be2 b6 8. d4 Bb7 9. O-O dxc4 10. bxc4 Nbd7 11. Qb3 c5 12. Rfd1 cxd4 13. exd4 Re8 14. Bf1 Bxf3 15. gxf3 Nh5 16. Ne2 Qh4 17. Qe3 e5 18. Qe4 Qxe4 19. fxe4 exd4 20. Bxd4 Bxd4 21. Rxd4 Nc5 22. f3 Red8 23. Rad1 Rxd4 24. Rxd4 Kf8 25. Nc3 Nf4 26. Nd5 Nfe6 27. Rd2 Rc8 28. Kf2 Kg7 29. Ke3 f5 30. e5 Re8 31. f4 g5 32. Bg2 h6 33. h3 Nd7 34. Nc7 gxf4+ 35. Kf2 Kf7 36. Rxd7+ 1-0


[Site "https://www.chess.com"]

[Event "Titled Tuesday Blitz February 21 Early 2023"]
[White "Galchenko, Matvey"]
[Black "Ismagilov, Damir"]
[WhiteFideId "24175480"]
[BlackFideId "34199982"]
[WhiteElo "2438"]
[BlackElo "2156"]
[Result "1-0"]
[Round "07"]
[TimeControl "180+2"]
[Date "2023.02.21"]
[WhiteClock "0:01:13"]
[BlackClock "0:00:26"]

1. f4 g6 2. Nf3 Bg7 3. g3 c5 4. Bg2 Nc6 5. O-O d6 6. d3 Nf6 7. Nc3 O-O 8. e4 e5 9. f5 gxf5 10. Nh4 Nd4 11. Nxf5 Nxf5 12. exf5 Bd7 13. Bg5 Bc6 14. Ne4 d5 15. Nxc5 Qb6 16. d4 Qxb2 17. dxe5 Qxe5 18. Kh1 Ne4 19. Nxe4 Qxa1 20. Qg4 Qe5 21. Bf6 Qxf6 22. Nxf6+ Kh8 23. Qh4 Bxf6 24. Qxf6+ Kg8 25. Qh6 Kh8 1-0


[Site "https://www.chess.com"]

[Event "Titled Tuesday Blitz February 21 Early 2023"]
[White "Dixit, Nikhil"]
[Black "Yuan, Qingyu"]
[WhiteFideId "5059534"]
[BlackFideId "8609772"]
[WhiteElo "2257"]
[BlackElo "2373"]
[Result "1/2-1/2"]
[Round "07"]
[TimeControl "180+2"]
[Date "2023.02.21"]
[WhiteClock "0:00:14"]
[BlackClock "0:00:04"]

1. e4 c5 2. Nf3 d6 3. Bb5+ Nd7 4. d4 cxd4 5. Qxd4 a6 6. Bxd7+ Bxd7 7. Nc3 Nf6 8. Bg5 e6 9. e5 dxe5 10. Nxe5 Bc6 11. Qxd8+ Rxd8 12. Nxc6 bxc6 13. Bxf6 gxf6 14. Ke2 Bb4 15. Rhd1 Bxc3 16. Rxd8+ Kxd8 17. bxc3 Kc7 18. Rd1 Rg8 19. g3 c5 20. Rd3 Rg4 21. Rf3 f5 22. h3 Ra4 23. g4 f4 24. Kd2 e5 25. Rd3 f6 26. Rd5 Kc6 27. Rd8 Rxa2 28. Rf8 Ra1 29. Rxf6+ Kd5 30. Rh6 Ke4 31. Rxh7 Kf3 32. g5 Rg1 33. h4 e4 34. Re7 Rg2 35. Ke1 Rg1+ 36. Kd2 Rf1 37. g6 Rxf2+ 38. Kc1 Rg2 39. g7 Ke3 40. h5 f3 41. h6 f2 42. Rf7 Ke2 43. h7 Rxg7 44. Rxf2+ Kxf2 45. h8=Q Rg1+ 46. Kb2 e3 47. Qh2+ Rg2 48. Qh4+ Kf3 49. Qh5+ Kf2 50. Qxc5 Rg3 51. Qd4 Rf3 52. c4 Kf1 53. Qe4 Kf2 54. Qh4+ Kg2 55. Qg5+ Kf2 56. Qh4+ Kf1 57. Qh1+ Kf2 58. Qh2+ Kf1 59. c5 e2 60. Qh1+ Kf2 61. Qh2+ Kf1 62. Qh1+ Kf2 63. Qh2+ Kf1 1/2-1/2


[Site "https://www.chess.com"]

[Event "Titled Tuesday Blitz February 21 Early 2023"]
[White "Maltsevskaya, Aleksandra"]
[Black "Pichot, Alan"]
[WhiteFideId "24174041"]
[BlackFideId "110973"]
[WhiteElo "2390"]
[BlackElo "2638"]
[Result "0-1"]
[Round "07"]
[TimeControl "180+2"]
[Date "2023.02.21"]
[WhiteClock "0:00:52"]
[BlackClock "0:01:00"]

1. Nf3 g6 2. g3 Bg7 3. Bg2 Nf6 4. O-O O-O 5. d3 d5 6. Nbd2 c5 7. e4 Nc6 8. exd5 Nxd5 9. Nc4 b6 10. a4 Bb7 11. c3 Qc7 12. a5 Rad8 13. axb6 axb6 14. Qb3 h6 15. Re1 e5 16. Nfd2 Kh7 17. Na3 Na5 18. Qc2 f5 19. Ndc4 Nxc4 20. dxc4 Nf6 21. Nb5 Qb8 22. Bxb7 Qxb7 23. Rxe5 Qf3 24. Bf4 Ne4 25. Re7 Rd2 26. Qxd2 Nxd2 27. Bxd2 Kg8 28. Raa7 Bf6 29. Red7 Re8 30. Nd6 Re2 31. Rac7 Qxf2+ 0-1


[Site "https://www.chess.com"]

[Event "Titled Tuesday Blitz February 21 Early 2023"]
[White "Urazayev, Arystanbek"]
[Black "Ordekalog"]
[WhiteFideId "13709810"]
[WhiteElo "2460"]
[BlackElo "2560"]
[Result "1-0"]
[Round "07"]
[TimeControl "180+2"]
[Date "2023.02.21"]
[WhiteClock "0:00:16"]
[BlackClock "0:00:02"]

1. d4 d5 2. c4 e6 3. Nf3 c5 4. cxd5 exd5 5. Nc3 Nc6 6. e3 Nf6 7. Bb5 Bd6 8. dxc5 Bxc5 9. O-O O-O 10. b3 Bg4 11. Bb2 Rc8 12. Be2 a6 13. Rc1 Ba7 14. Na4 Qd6 15. h3 Bf5 16. Nd4 Be4 17. Nxc6 bxc6 18. Bxa6 Bb8 19. f4 Ba7 20. Bd4 c5 21. Bxf6 Qxf6 22. Bxc8 Rxc8 23. Qg4 Bf5 24. Qg5 Qe6 25. Nxc5 Bxc5 26. Rxc5 Qxe3+ 27. Kh2 Qxc5 28. Qxf5 Rd8 29. Rd1 Qa5 30. Qe5 h6 31. a4 Qb4 32. Rxd5 Rxd5 33. Qxd5 Qxf4+ 34. g3 Qf2+ 35. Qg2 Qb6 36. Qa2 Qa5 37. h4 g5 38. hxg5 hxg5 39. Qe2 Qb4 40. Qe8+ Kg7 41. Qe5+ f6 42. Qc7+ Kh6 43. Qc2 g4 44. Qa2 f5 45. a5 f4 46. a6 Qc3 47. Qf2 fxg3+ 48. Qxg3 Qd2+ 49. Qg2 Qf4+ 50. Kg1 Qc1+ 51. Qf1 Qe3+ 52. Kg2 Qe4+ 53. Kf2 Qf3+ 54. Ke1 Qc3+ 55. Ke2 Qc2+ 56. Ke3 Qxb3+ 57. Qd3 Qe6+ 58. Kf4 Qf6+ 59. Kxg4 Qe6+ 60. Kf4 Qf6+ 61. Ke4 Qg6+ 62. Kd4 Qb6+ 63. Kc3 Qa5+ 64. Kc2 Qa2+ 65. Kd1 Qa1+ 66. Ke2 1-0


[Site "https://www.chess.com"]

[Event "Titled Tuesday Blitz February 21 Early 2023"]
[White "Kislinsky, Alexey"]
[Black "Vovk, Orest"]
[WhiteFideId "14108801"]
[BlackFideId "14113490"]
[WhiteElo "2357"]
[BlackElo "2315"]
[Result "0-1"]
[Round "07"]
[TimeControl "180+2"]
[Date "2023.02.21"]
[WhiteClock "0:00:05"]
[BlackClock "0:00:07"]

1. e4 g5 2. Nc3 Bg7 3. h4 Bxc3 4. dxc3 g4 5. Qxg4 Nf6 6. Qe2 d5 7. e5 Ne4 8. Nf3 Bg4 9. Qe3 Nc6 10. Bb5 Bd7 11. Bxc6 bxc6 12. Ng5 Bf5 13. Bd2 h6 14. Nxe4 Bxe4 15. O-O-O Qc8 16. f3 Bh7 17. g4 Qa6 18. a3 Qa4 19. Kb1 Bxc2+ 20. Ka1 Bxd1 21. e6 f6 22. Qc5 Bxf3 23. Re1 Be4 24. Bf4 Rb8 25. Bxc7 Rb7 26. Bf4 Rg8 27. g5 hxg5 28. hxg5 fxg5 29. Bg3 Rb6 30. Qf2 Rf8 31. Qh2 Qc2 32. Qxc2 Bxc2 33. Be5 Bf5 34. b4 Bxe6 35. Bd4 Kd7 36. Rg1 g4 37. a4 Rb7 38. a5 Rf4 39. Kb2 Rxd4 40. cxd4 Rxb4+ 41. Kc3 Rc4+ 42. Kd3 Ra4 43. Ke3 Ra3+ 44. Kf4 Rxa5 45. Ke5 Ra3 46. Re1 g3 47. Kf4 g2 48. Rb1 Bh3 49. Ke5 Re3+ 50. Kf4 Re2 51. Kg3 Bf5 52. Ra1 Be4 53. Kh2 Rf2 54. Rxa7+ Kd6 55. Ra8 Rf1 56. Rd8+ Kc7 57. Rg8 Rh1+ 0-1


[Site "https://www.chess.com"]

[Event "Titled Tuesday Blitz February 21 Early 2023"]
[White "Fier, Alexandr"]
[Black "Bilan, Danila"]
[WhiteFideId "2107139"]
[BlackFideId "24161918"]
[WhiteElo "2589"]
[BlackElo "2303"]
[Result "1-0"]
[Round "07"]
[TimeControl "180+2"]
[Date "2023.02.21"]
[WhiteClock "0:00:31"]
[BlackClock "0:00:07"]

1. d4 d5 2. Bg5 c6 3. e3 Qb6 4. Qc1 Bf5 5. Nd2 e6 6. Ngf3 Nd7 7. Bd3 Bg6 8. O-O Bd6 9. Bh4 Ngf6 10. Bg3 Bxg3 11. hxg3 c5 12. Be2 cxd4 13. exd4 Rc8 14. c3 O-O 15. Re1 Qc7 16. Nb3 Ne4 17. Bf1 a6 18. Qf4 Qxf4 19. gxf4 Nd6 20. Nbd2 b5 21. a3 h6 22. Ne5 Nxe5 23. fxe5 Nc4 24. Bxc4 bxc4 25. Nf1 Rb8 26. Re2 Rb6 27. Ne3 Rfb8 28. Nd1 a5 29. f3 Bd3 30. Rd2 f6 31. exf6 gxf6 32. Kf2 Kf7 33. Ke3 Bg6 34. Rf2 Ke7 35. g3 Kd6 36. Rh2 h5 37. Kd2 e5 38. Ke3 Ke6 39. Rd2 Rh8 40. Kf2 h4 41. g4 f5 42. dxe5 Kxe5 43. Ne3 fxg4 44. Nxg4+ Kd6 45. Ne3 Bd3 46. Rg1 Kc5 47. Rg5 Rd6 48. b4+ axb4 49. axb4+ Kc6 50. Ra2 Kb6 51. Nxd5+ Kc6 52. Ra6+ Kd7 53. Rg7+ 1-0


[Site "https://www.chess.com"]

[Event "Titled Tuesday Blitz February 21 Early 2023"]
[White "Potapova, Margarita"]
[Black "Halkias, Stelios"]
[WhiteFideId "14126869"]
[BlackFideId "4201809"]
[WhiteElo "2104"]
[BlackElo "2511"]
[Result "0-1"]
[Round "07"]
[TimeControl "180+2"]
[Date "2023.02.21"]
[WhiteClock "0:00:15"]
[BlackClock "0:01:12"]

1. d4 Nf6 2. c4 g6 3. Nc3 Bg7 4. e4 d6 5. h3 O-O 6. Be3 Nc6 7. d5 Ne5 8. f4 Ned7 9. Nf3 c6 10. Be2 cxd5 11. cxd5 b6 12. Nd4 Bb7 13. O-O Nc5 14. Bf3 Rc8 15. Nc6 Bxc6 16. dxc6 e5 17. Nd5 Rxc6 18. fxe5 dxe5 19. Bg5 Ne6 20. Qa4 Rd6 21. Bxf6 Bxf6 22. Qxa7 Nd4 23. Rac1 Bg5 24. Rc4 Rxd5 25. exd5 Be3+ 26. Kh1 Nf5 27. Rd1 b5 28. Qa3 bxc4 29. g4 Ng3+ 30. Kg2 Bf4 31. d6 e4 32. d7 exf3+ 33. Qxf3 Bc7 34. a4 Qe7 35. a5 Bxa5 36. Kxg3 Bc7+ 37. Kg2 Rd8 38. Qc6 Qe2+ 0-1


[Site "https://www.chess.com"]

[Event "Titled Tuesday Blitz February 21 Early 2023"]
[White "Bews, Steven"]
[Black "Golubka, Petro"]
[WhiteFideId "2400529"]
[BlackFideId "14114224"]
[WhiteElo "2295"]
[BlackElo "2371"]
[Result "0-1"]
[Round "07"]
[TimeControl "180+2"]
[Date "2023.02.21"]
[WhiteClock "0:00:02"]
[BlackClock "0:00:43"]

1. e4 c5 2. Nf3 Nc6 3. d4 cxd4 4. Nxd4 e5 5. Nb5 d6 6. N1c3 a6 7. Na3 Be6 8. Nd5 Bxd5 9. exd5 Nce7 10. c4 Nf6 11. Bd3 Ng6 12. Qa4+ Nd7 13. Bf5 Nh4 14. Bxd7+ Qxd7 15. Qxd7+ Kxd7 16. O-O f5 17. Be3 Be7 18. b4 a5 19. bxa5 Rxa5 20. Nb5 Rc8 21. Rfc1 f4 22. Bb6 Ra6 23. Bc7 Rxc7 24. Nxc7 Kxc7 25. a4 Ra5 26. Ra3 Nf5 27. Rb1 Nd4 28. f3 b6 29. Ra2 Bd8 30. Kf2 Kd7 31. g3 fxg3+ 32. hxg3 Rc5 33. Rb4 h5 34. Ke3 Nf5+ 35. Kf2 g6 36. Ra1 Nd4 37. Ra2 g5 38. Ke3 Nf5+ 39. Kf2 h4 40. gxh4 gxh4 41. Ra1 h3 42. Rh1 Bh4+ 43. Kg1 Be1 44. Rxb6 Kc7 45. Rc6+ Rxc6 46. dxc6 Ne3 47. Rxh3 Nxc4 48. Kf1 Bd2 49. Ke2 Bf4 50. Kd3 Nb2+ 51. Ke4 Nxa4 52. Rh8 Kxc6 53. Rc8+ Kd7 54. Rc2 Nb6 55. Kd3 d5 56. Ra2 Kc6 57. Rc2+ Nc4 58. Rg2 Kc5 59. Rg8 Na5 60. Rc8+ Nc6 61. Ra8 Nb4+ 62. Ke2 d4 63. Rc8+ Kd5 64. Rd8+ Kc4 65. Rc8+ Kb3 66. Rc5 d3+ 67. Kd1 Na2 68. Rb5+ Kc4 69. Rb2 Nc3+ 70. Ke1 Be3 71. Rh2 Kd4 72. Rh4+ Bf4 73. Rh1 0-1


[Site "https://www.chess.com"]

[Event "Titled Tuesday Blitz February 21 Early 2023"]
[White "Shapiro, Viktor"]
[Black "Lagno, Kateryna"]
[WhiteFideId "4175700"]
[BlackFideId "14109336"]
[WhiteElo "2192"]
[BlackElo "2558"]
[Result "0-1"]
[Round "07"]
[TimeControl "180+2"]
[Date "2023.02.21"]
[WhiteClock "0:00:01"]
[BlackClock "0:00:20"]

1. c4 e5 2. Nc3 d6 3. g3 f5 4. Bg2 Nf6 5. d3 Be7 6. Rb1 a5 7. a3 O-O 8. b4 axb4 9. axb4 c6 10. Nf3 Qe8 11. O-O Qh5 12. c5 Kh8 13. cxd6 Bxd6 14. b5 Be6 15. bxc6 bxc6 16. e4 fxe4 17. dxe4 Bc5 18. Ng5 Bc4 19. Bf3 Qg6 20. Be2 Bxe2 21. Qxe2 Bd4 22. Rb3 Nfd7 23. Nf3 Nc5 24. Ra3 Nbd7 25. Rxa8 Rxa8 26. Bb2 Bxc3 27. Bxc3 Nxe4 28. Nxe5 Qf5 29. Nxd7 Nxc3 30. Qe7 Qf3 31. Re1 h6 32. Qe3 Qxe3 33. Rxe3 Nd5 34. Re6 Ra1+ 35. Kg2 Rc1 36. Ne5 Nb4 37. Re8+ Kh7 38. Rb8 c5 39. Rb7 Nd5 40. Rd7 Nf6 41. Rc7 Rc2 42. Kf3 h5 43. h3 Kh6 44. g4 hxg4+ 45. hxg4 Rc3+ 46. Kg2 Nd5 47. Rc6+ Kg5 48. Rg6+ Kf4 49. Nd7 Rc2 50. Rxg7 Ne3+ 51. Kg1 Nxg4 52. Rf7+ Kg5 0-1


[Site "https://www.chess.com"]